 Dungeon Crawl Stone Soup version 0.19.5 (webtiles) character file.

275 JeffiDaFish the Shield-Bearer (level 6, -2/38 HPs)
             Began as a Gargoyle Fighter on Mar 9, 2017.
             Slain by Grinder (5 damage)
             ... while paralysed by Grinder
             ... on level 4 of the Dungeon.
             The game lasted 00:03:57 (1851 turns).

JeffiDaFish the Shield-Bearer (Gargoyle Fighter)    Turns: 1851, Time: 00:03:57

Health: -2/38      AC: 12    Str: 25    XL:     6   Next: 24%
Magic:  6/6        EV:  2    Int:  8    God:
Gold:   124        SH:  0    Dex: 11    Spells: 0 memorised, 5 levels left

rFire  . . .     SeeInvis .     a - +0 flail
rCold  . . .     Gourm    .     b - +0 scale mail
rNeg   + . .     Faith    .     c - +0 shield
rPois  ∞         Spirit   .     (no helmet)
rElec  +         Reflect  .     (no cloak)
rCorr  .         Harm     .     g - +0 pair of gloves
MR     .....                    (no boots)
Stlth  +.........               (no amulet)
                                (no ring)
                                i - ring of stealth

@: paralysed, mighty
A: mutation resistance 1, negative energy resistance 1, electricity resistance,
unbreathing, petrification resistance, rot immunity, AC +4
a: no special abilities


You were on level 4 of the Dungeon.
You were not hungry.

You visited 1 branch of the dungeon, and saw 4 of its levels.

You collected 124 gold pieces.

Inventory:

Hand Weapons
 a - a +0 flail (weapon)
Armour
 b - a +0 scale mail (worn)
 c - a +0 shield (worn)
 g - a +0 pair of gloves (worn)
Jewellery
 i - a ring of stealth (left hand)
Scrolls
 e - 3 scrolls of amnesia
 k - 2 scrolls of magic mapping
Potions
 d - 3 potions of might
 j - 2 potions of curing
 l - a potion of berserk rage
Comestibles
 f - a bread ration
 h - 3 chunks of flesh
 m - a beef jerky
 n - a slice of pizza
 o - a royal jelly


   Skills:
 + Level 3.8 Fighting
 + Level 4.0 Maces & Flails
 + Level 4.3 Armour
 + Level 1.7 Dodging
 + Level 4.4 Shields


You had 5 spell levels left.
You didn't know any spells.

Dungeon Overview and Level Annotations

Branches:
Dungeon (4/15)
 Temple: D:4-7

Altars:
Fedhas

Annotations:
D:4 Dowan, Grinder


Innate Abilities, Weirdness & Mutations

You are resistant to torment.
Your stone body is resilient. (AC +4)
You are immune to poison.
You resist negative energy. (rN+)
You are resistant to electric shocks. (rElec)
You can survive without breathing.
You are immune to petrification.
You are immune to rotting.
You are somewhat resistant to further mutation.


Message History

Dowan says, "How can I live without her?"
Dowan hits you with a dagger.
Things that are here:
a short sword; a glowing leather armour Dowan closely misses you.
Your shield and scale mail prevent you from hitting Dowan.
Dowan is severely wounded.
Dowan gestures at you while chanting. You block the shard of ice.
You block Grinder's attack. Dowan hits you but does no damage.
You closely miss Grinder. Grinder hits you but does no damage.
Dowan gestures at you while chanting. The stone arrow hits you!
* * * LOW HITPOINT WARNING * * *
Grinder gestures at you.
You suddenly lose the ability to move!
Dowan hits you but does no damage. Dowan hits you with a dagger.
* * * LOW HITPOINT WARNING * * *
Grinder hits you.
You die...

#......'....#....#
#......#....# ...#
+......#....# ..>#
##>###+#....# #..#
##.##.....#####..#
....'.....#......+
....#.....#......#
....#.....#......#
....#.....+....5@#
#####.....##+###e#
###.##.....#
##.###
..#..#.....+
#....#
..'..#.....#
#....# ####.#
##..## #.###
####..## #...#
#......# #...#
#......#


You could see Grinder and Dowan.

Vanquished Creatures
  Duvessa (D:4)
  A crimson imp (D:3)
  A worker ant (D:4)
  5 adders
  An ooze (D:3)
  3 worms
  A dart slug (D:1)
  3 leopard geckos
  3 giant cockroaches (D:3)
  9 goblins
  4 hobgoblins
  3 kobolds
  A quokka (D:3)
  10 bats
  4 frilled lizards
  9 rats
59 creatures vanquished.

Notes
Turn   | Place    | Note
-------+----------+-------------------------------------------
     0 | D:1      | JeffiDaFish the Gargoyle Fighter began the quest for the Orb.
     0 | D:1      | Reached XP level 1. HP: 14/14 MP: 1/1
   122 | D:1      | Reached XP level 2. HP: 19/19 MP: 2/2
   684 | D:2      | Reached XP level 3. HP: 17/23 MP: 3/3
  1000 | D:2      | Gained mutation: You are somewhat resistant to further mutation. [potion of beneficial mutation]
  1048 | D:2      | Found a blossoming altar of Fedhas.
  1066 | D:2      | Reached XP level 4. HP: 26/28 MP: 4/4
  1282 | D:3      | Reached skill level 1 in Dodging
  1282 | D:3      | Reached XP level 5. HP: 29/33 MP: 5/5
  1829 | D:4      | Noticed Duvessa
  1830 | D:4      | Noticed Grinder
  1831 | D:4      | Noticed Dowan
  1840 | D:4      | Killed Duvessa
  1840 | D:4      | Reached XP level 6. HP: 37/38 MP: 6/6
  1850 | D:4      | Paralysed by Grinder for 4 turns
  1851 | D:4      | Slain by Grinder

Skill      XL: |  1  2  3  4  5 |
---------------+----------------+-----
Armour         | 4 |  4.3
Maces & Flails | 3 4 |  4.0
Dodging        | 1 |  1.7
Shields        | 4 |  4.4
Fighting       | |  3.8

Action                   |  1- 3 |  4- 6 || total
-------------------------+-------+-------++-------
Melee: Flail             |   123 |   169 ||   292
  Use: Potion            |     6 |     3 ||     9
       Scroll            |     3 |     4 ||     7
  Eat: Chunk             |     1 |     3 ||     4
Armor: Scale mail        |    71 |   103 ||   174
Dodge: Dodged            |    49 |    59 ||   108
Block: Shield            |    82 |    91 ||   173
